 Dungeon Crawl Stone Soup version 0.29-a0-322-g68df515428 (webtiles) character file.

Game seed: 10669932695454860724

85 dianekeaton the Chopper (level 4, 0/39 HPs)
             Began as a Hill Orc Fighter on Apr 9, 2022.
             Slain by a gnoll
             ... wielding a +2 vorpal spear
              (2 damage)
             ... on level 3 of the Dungeon.
             The game lasted 00:03:55 (2073 turns).

dianekeaton the Chopper (Hill Orc Fighter)          Turns: 2073, Time: 00:03:55

Health: 0/39       AC:  6    Str: 20    XL:     4   Next: 48%
Magic:  4/4        EV:  9    Int:  8    God:
Gold:   80         SH:  5    Dex: 10    Spells: 3/3 levels left

rFire   . . .      SeeInvis .   a - +0 war axe
rCold   . . .      Faith    .   c - +1 buckler
rNeg    . . .      Spirit   .   b - +0 scale mail
rPois   .          Reflect  .   (no helmet)
rElec   .          Harm     .   (no cloak)
rCorr   .          Rampage  .   (no gloves)
Will    .....                   (no boots)
Stlth   ..........              (no amulet)
HPRegen 0.13/turn               (no ring)
MPRegen 0.09/turn               (no ring)

@: mighty
A: no striking features
a: no special abilities


You were on level 3 of the Dungeon.
You visited 1 branch of the dungeon, and saw 3 of its levels.

You collected 80 gold pieces.

Inventory:

Hand Weapons
 a - a +0 war axe (weapon)
Armour
 b - a +0 scale mail (worn)
 c - a +1 buckler (worn)
Scrolls
 m - a scroll of teleportation
Potions
 d - a potion of might
 e - a potion of brilliance {unknown}
 f - a potion of lignification
 g - a potion of degeneration
 i - 2 potions of flight
 j - a potion of curing {unknown}
 n - a potion of magic {unknown}


   Skills:
 - Level 3.6 Fighting
 + Level 6.0 Axes
 - Level 3.2 Armour
 - Level 3.2 Shields


You had 3 spell levels left.
You didn't know any spells.
Your spell library contained the following spells:

 Spells                   Type           Power      Damage    Failure   Level
 Apportation              Tloc           0%         N/A       85%         1
 Alistair's Intoxication  Tmut/Pois      0%         N/A       100%        5


Dungeon Overview and Level Annotations

Branches:
Dungeon (3/15)

Altars:
Trog

Shops:
D:1 [


Message History

Throw: dart (poison)
Press: ? - help, Q - select action, (/) - cycle Shift-Dir - straight line, f/p - gnoll
Aim: a gnoll, wielding a +0 spear (60% to hit)
You throw a poisoned dart. The poisoned dart hits the gnoll.
The gnoll is poisoned.
The gnoll barely misses you.
The gnoll hits you from afar with a +0 spear.
Throw: throwing net
Press: ? - help, Q - select action Shift-Dir - straight line, f/p - gnoll
Aim: a gnoll, wielding a +0 spear (poisoned, 60% to hit)
You throw a throwing net.
The throwing net barely misses the gnoll.
The gnoll barely misses you.
The gnoll hits you from afar with a +0 spear. x2
The gnoll hits you from afar with a +2 vorpal spear.
The gnoll completely misses you. You block the gnoll's attack.
The gnoll closely misses you. The gnoll hits you with a +0 spear.
The gnoll misses you.
You hit the gnoll.
The gnoll is severely wounded.
You hit the gnoll.
The gnoll hits you from afar with a +0 spear.
The gnoll hits you with a +0 spear.
The gnoll hits you with a +2 vorpal spear.
* * * LOW HITPOINT WARNING * * *
The gnoll hits you but does no damage. You block the gnoll's attack.
You slash the gnoll!
You kill the gnoll!
You hit the gnoll. You closely miss the gnoll.
The gnoll hits you but does no damage. You block the gnoll's attack.
Your Axes skill increases to level 6!
You barely miss the gnoll.
The gnoll is moderately wounded.
You barely miss the gnoll. The gnoll hits you but does no damage.
The gnoll hits you with a +2 vorpal spear.
* * * LOW HITPOINT WARNING * * *
x2 You feel very mighty all of a sudden.
The gnoll hits you with a +2 vorpal spear!
* * * LOW HITPOINT WARNING * * *
You die...

#############...........#########
..>.....................'........
........(....######.....###.#####
############.######.....# #..#
#..........รท.# ##.##
#######......# #..# #......# ##.#
##############......# #.#
#...$......g@.......# #.##
#.........())g......# #..#
#...................# ##.#
#......(............# #.##
.....................# #..#
..(...............###### ##.#
..(........(.......# #.#
...................# #.#
...................# #..


You could see 2 gnolls.

Vanquished Creatures
  2 adders
  A gnoll (D:3)
  A worm (D:2)
  2 dart slugs
  7 bats
  2 endoplasms
  A giant cockroach (D:1)
  5 goblins
  5 hobgoblins
  5 jackals (D:1)
  6 ball pythons
  3 frilled lizards
  5 kobolds
  A rat (D:2)
46 creatures vanquished.

Notes
Turn   | Place    | Note
-------+----------+-------------------------------------------
     0 | D:1      | dianekeaton the Hill Orc Fighter began the quest for the
                  | Orb.
     0 | D:1      | Reached XP level 1. HP: 19/19 MP: 1/1
    14 | D:1      | Reached skill level 3 in Axes
    61 | D:1      | Reached XP level 2. HP: 24/26 MP: 2/2
    86 | D:1      | Reached skill level 4 in Axes
   145 | D:1      | Found Byuxuss's Antique Armour Emporium.
   454 | D:1      | Reached XP level 3. HP: 31/31 MP: 3/3
   478 | D:1      | Found a faded altar of an unknown god.
   823 | D:2      | Reached skill level 5 in Axes
  1575 | D:3      | Reached XP level 4. HP: 39/39 MP: 4/4
  1675 | D:3      | Found a bloodstained altar of Trog.
  2072 | D:3      | Reached skill level 6 in Axes
  2073 | D:3      | Slain by a gnoll

Illustrated notes

Levels and vault maps discovered:
D:1:      amcnicky_arrival_feature_with_door, layout_loops_ring, serial_shops,
          nicolae_shop_stone, hellmonk_ecumenical_altar_pennies_from_heaven,
          minmay_split_cup_large
D:2:      layout_loops_ring
D:3:      layout_basic, lemuel_doored_altar, minmay_hedge_maze

Skill      XL: |  1  2  3  4 |
---------------+-------------+-----
Axes           | 3 4 5 6 |  6.0
Fighting       | |  3.6
Armour         | |  3.2
Shields        | |  3.2

Action                   |  1- 3 |  4- 6 || total
-------------------------+-------+-------++-------
Melee: War axe           |    94 |    30 ||   124
Throw: Dart              |       |     6 ||     6
       Throwing net      |       |     1 ||     1
  Use: Scroll            |     8 |       ||     8
       Potion            |       |     1 ||     1
Armor: Scale mail        |    52 |     7 ||    59
Dodge: Dodged            |    53 |    19 ||    72
Block: Buckler           |    24 |    15 ||    39

Table legend: (Time is in decaauts)
 A = Elapsed time spent in this place.
 B = Non-inter-level travel time spent in this place.
 C = Inter-level travel time spent in this place.
 D = Time resting spent in this place.
 E = Time spent auto-exploring this place.
 F = Levels seen in this place.
 G = Mean time per level.
                   A        B        C        D        E       F      G
               +--------+--------+--------+--------+--------+-----+--------+
         Total |   2113 |   2088 |     25 |      2 |   1646 |   3 |  704.3 |
       Dungeon |   2113 |   2088 |     25 |      2 |   1646 |   3 |  704.3 |
               +--------+--------+--------+--------+--------+-----+--------+

Top non-repeatable levels by time:
     D:2: 853 daAuts
     D:1: 713 daAuts
     D:3: 546 daAuts
